 Dungeon Crawl Stone Soup version 0.21-a0-498-g1b60429 (webtiles) character file.

331 tidbits the Digger (level 6, -5/44 HPs)
             Began as a Gnoll Earth Elementalist on Nov 24, 2017.
             Slain by torrenera's ghost (16 damage)
             ... on level 4 of the Dungeon.
             The game lasted 00:10:34 (683 turns).

tidbits the Digger (Gnoll Earth Elementalist)        Turns: 683, Time: 00:10:35

Health: -5/44      AC:  3    Str: 10    XL:     6   Next: 52%
Magic:  3/14       EV: 15    Int: 20    God:
Gold:   22         SH:  0    Dex: 15    Spells: 0/15 levels left

rFire    . . .     SeeInvis .   a - +2 dagger (protect)
rCold    . . .     Gourm    .   (no shield)
rNeg     . . .     Faith    .   B - +0 robe
rPois    .         Spirit   .   (no helmet)
rElec    .         Reflect  .   C - +0 cloak
rCorr    .         Harm     .   (no gloves)
MR       +....                  (no boots)
Stlth    +++.......             (no amulet)
HPRegen  0.14/turn              H - ring of protection from magic
MPRegen  0.14/turn              W - ring of wizardry

@: no status effects
A: distributed training, fangs 1, strong nose
a: no special abilities


You were on level 4 of the Dungeon.
You were not hungry.

You visited 1 branch of the dungeon, and saw 4 of its levels.

You collected 22 gold pieces.

Inventory:

Hand Weapons
 a - a +2 dagger of protection (weapon)
   (You found it on level 1 of the Dungeon)
 i - a +0 dagger
 t - a +0 long sword
Missiles
 b - 97 stones (quivered)
 h - 52 arrows
Armour
 p - a cursed +0 ring mail
 B - a +0 robe (worn)
 C - a +0 cloak (worn)
Jewellery
 H - a ring of protection from magic (left hand)
   (You found it on level 1 of the Dungeon)
 W - a ring of wizardry (right hand)
   (You found it on level 3 of the Dungeon)
Wands
 o - a wand of acid (9)
Scrolls
 c - a scroll of magic mapping {unknown}
 g - 2 scrolls of amnesia
 l - a scroll of blinking {unknown}
 m - 2 scrolls of remove curse {unknown}
 r - a scroll of enchant armour {unknown}
 s - a scroll of noise {unknown}
Potions
 k - a potion of brilliance {unknown}
 n - 2 potions of curing {unknown}
 q - a potion of mutation {unknown}
Books
 e - a book of Geomancy

   Spells                             Type                      Level
   a - Sandblast                      Earth                        1
   b - Passwall                       Transmutation/Earth          2
   c - Stone Arrow                    Conjuration/Earth            3
   d - Petrify                        Transmutation/Earth          4
   e - Lee's Rapid Deconstruction     Earth                        5
 f - a book of the Warp
   (You found it on level 4 of the Dungeon)

   Spells                             Type                      Level
   a - Gell's Gravitas                Translocation                3
   b - Portal Projectile              Hexes/Translocation          3
   c - Force Lance                    Conjuration/Translocation    4
   d - Dispersal                      Translocation                6
   e - Controlled Blink               Translocation                8
   f - Disjunction                    Translocation                8
Comestibles
 d - 3 bread rations
 j - a meat ration


   Skills:
 + Level 2.0 Fighting
 + Level 2.0 Short Blades
 + Level 2.0 Long Blades
 + Level 2.0 Axes
 + Level 2.0 Maces & Flails
 + Level 2.0 Polearms
 + Level 2.0 Staves
 + Level 2.0 Slings
 + Level 2.0 Bows
 + Level 2.0 Crossbows
 + Level 2.0 Throwing
 + Level 2.0 Armour
 + Level 5.0 Dodging
 + Level 4.6 Stealth
 + Level 2.0 Shields
 + Level 2.0 Unarmed Combat
 + Level 5.3 Spellcasting
 + Level 1.5 Conjurations
 + Level 1.5 Hexes
 + Level 1.5 Charms
 + Level 1.5 Summonings
 + Level 1.5 Necromancy
 + Level 1.5 Translocations
 + Level 2.6 Transmutations
 + Level 1.5 Fire Magic
 + Level 1.5 Ice Magic
 + Level 1.5 Air Magic
 + Level 5.6 Earth Magic
 + Level 1.5 Poison Magic
 + Level 2.1 Invocations
 + Level 2.0 Evocations


You couldn't memorise any spells.
You knew the following spells:

 Your Spells              Type           Power        Failure   Level  Hunger
a - Sandblast             Erth           ####..       1%          1    None
l - Lee's Rapid Deconstr  Erth           ####......   12%         5    #####..
p - Petrify               Tmut/Erth      ###.....     9%          4    ####...
s - Stone Arrow           Conj/Erth      ###...       3%          3    ##.....
w - Passwall              Tmut/Erth      ###.......   1%          2    None


Dungeon Overview and Level Annotations

Branches:
Dungeon (4/15)
 Temple: D:4-7

Altars:

Annotations:
D:4 torrenera's ghost, amateur HOFi


Innate Abilities, Weirdness & Mutations

Your experience applies equally to all skills.
You have very sharp teeth.
Your uncanny sense of smell can sniff out nearby items.


Message History

Here: torrenera's ghost The floor.
Casting: Sandblast
Confirm with . or Enter, or press ? or * to list all spells.
You can't see any susceptible monsters within range! (Use Z to cast anyway.) Unknown command.
Evoke which item? (* to show all) (? for menu, Esc to quit)
Aiming: Corrosive Bolt
Press: ? - help, Shift-Dir - straight line, f - torrenera's ghost
Aim: torrenera's ghost The bolt of acid hits torrenera's ghost.
Torrenera's ghost is splashed with acid.
Torrenera's ghost is moderately damaged.
Casting: Sandblast
Confirm with . or Enter, or press ? or * to list all spells.
Aiming: Lee's Rapid Deconstruction
Press: ? - help, Dir - move target cursor, p - torrenera's ghost The wall shatters!
The blast of rock fragments hits torrenera's ghost.
Torrenera's ghost is moderately damaged.
You hear a shout!
Torrenera's ghost shrieks, "Do you think the gods will protect you?"
You hear a shout!
Press: ? - help, v - describe, . - travel
Here: torrenera's ghost (moderately damaged)
The floor.
Casting: Lee's Rapid Deconstruction
Confirm with . or Enter, or press ? or * to list all spells.
Aiming: Sandblast
Press: ? - help, Shift-Dir - straight line, f - torrenera's ghost
Aim: torrenera's ghost (moderately damaged)
The blast of sand hits torrenera's ghost.
Torrenera's ghost is heavily damaged.
b - 103 stones
Casting: Sandblast
Confirm with . or Enter, or press ? or * to list all spells.
Aiming: Sandblast
Press: ? - help, Shift-Dir - straight line, f/p - torrenera's ghost
Aim: torrenera's ghost (heavily damaged)
The blast of sand hits torrenera's ghost.
Torrenera's ghost is heavily damaged.
b - 102 stones An orc wizard comes into view.
It is wielding a dagger.
You hit torrenera's ghost but do no damage.
Your weapon exudes an aura of protection.
Torrenera's ghost is heavily damaged.
Torrenera's ghost misses you.
An orc comes into view.
Casting: Sandblast
Confirm with . or Enter, or press ? or * to list all spells.
Aiming: Sandblast
Press: ? - help, Shift-Dir - straight line, f/p - torrenera's ghost
Aim: torrenera's ghost (heavily damaged)
The blast of sand hits torrenera's ghost.
Torrenera's ghost is heavily damaged.
b - 101 stones Torrenera's ghost barely misses you.
Casting: Sandblast
Confirm with . or Enter, or press ? or * to list all spells.
Aiming: Sandblast
Press: ? - help, Shift-Dir - straight line, f/p - torrenera's ghost
Aim: torrenera's ghost (heavily damaged)
The blast of sand hits torrenera's ghost.
Torrenera's ghost is severely damaged.
b - 100 stones Torrenera's ghost hits you!
* * * LOW HITPOINT WARNING * * *
An orc comes into view. It is wielding a flail of protection.
Casting: Sandblast
Confirm with . or Enter, or press ? or * to list all spells.
Aiming: Sandblast
Press: ? - help, Shift-Dir - straight line, f/p - torrenera's ghost
Aim: torrenera's ghost (severely damaged)
The blast of sand hits torrenera's ghost.
Torrenera's ghost is almost destroyed.
b - 99 stones Torrenera's ghost hits you but does no damage.
The orc moves out of view.
Casting: Sandblast
Confirm with . or Enter, or press ? or * to list all spells.
Aiming: Sandblast
Press: ? - help, Shift-Dir - straight line, f/p - torrenera's ghost
Aim: torrenera's ghost (almost destroyed)
The blast of sand hits torrenera's ghost.
Torrenera's ghost is almost destroyed.
b - 98 stones Torrenera's ghost hits you.
* * * LOW HITPOINT WARNING * * *
Casting: Sandblast
Confirm with . or Enter, or press ? or * to list all spells.
Aiming: Sandblast
Press: ? - help, Shift-Dir - straight line, f/p - torrenera's ghost
Aim: torrenera's ghost (almost destroyed)
The blast of sand hits torrenera's ghost.
Torrenera's ghost is almost destroyed.
b - 97 stones The orc wizard hits you with a dagger.
* * * LOW HITPOINT WARNING * * *
Torrenera's ghost hits you!
You die...

...######...
#### ## #. #. #.
#[ ...#o##### #.
....o.W@.#### ##
#..#..o.....###
##
#.....####....##
######. ..###.
#.##..###......
. #
#.###.....####.
#.# ####### #.
#.. #. ##. ## #
#


You could see an orc wizard, torrenera's ghost and 2 orcs.

Vanquished Creatures
  An ogre (D:4)
  2 scorpions
  A howler monkey (D:4)
  An orc priest (D:3)
  A worker ant (D:2)
  2 adders
  2 worms
  4 orcs (D:3)
  A ball python (D:2)
  A bat (D:1)
  A giant cockroach (D:1)
  6 goblins
  A hobgoblin (D:2)
  A quokka (D:4)
  A frilled lizard (D:2)
  3 kobolds (D:1)
  19 rats
48 creatures vanquished.

Notes
Turn   | Place    | Note
-------+----------+-------------------------------------------
     0 | D:1      | tidbits the Gnoll Earth Elementalist began the quest for the Orb.
     0 | D:1      | Reached XP level 1. HP: 13/13 MP: 6/6
    56 | D:1      | Reached skill level 2 in Transmutations
    60 | D:1      | Reached XP level 2. HP: 19/19 MP: 2/7
   180 | D:2      | Reached skill level 5 in Spellcasting
   180 | D:2      | Reached XP level 3. HP: 15/25 MP: 4/9
   226 | D:2      | Reached skill level 1 in Invocations
   273 | D:2      | Reached skill level 1 in Fighting
   273 | D:2      | Reached skill level 1 in Short Blades
   273 | D:2      | Reached skill level 1 in Long Blades
   273 | D:2      | Reached skill level 1 in Axes
   273 | D:2      | Reached skill level 1 in Maces & Flails
   273 | D:2      | Reached skill level 1 in Polearms
   273 | D:2      | Reached skill level 1 in Staves
   273 | D:2      | Reached skill level 1 in Slings
   273 | D:2      | Reached skill level 1 in Bows
   273 | D:2      | Reached skill level 1 in Crossbows
   273 | D:2      | Reached skill level 1 in Throwing
   273 | D:2      | Reached skill level 1 in Armour
   273 | D:2      | Reached skill level 1 in Shields
   273 | D:2      | Reached skill level 1 in Unarmed Combat
   273 | D:2      | Reached skill level 1 in Evocations
   386 | D:3      | Learned a level 2 spell: Passwall
   390 | D:3      | Learned a level 3 spell: Stone Arrow
   394 | D:4      | Noticed a scorpion
   394 | D:4      | Noticed an ogre
   394 | D:4      | Noticed a scorpion
   404 | D:3      | Killed a scorpion
   404 | D:3      | Reached skill level 1 in Conjurations
   404 | D:3      | Reached skill level 1 in Hexes
   404 | D:3      | Reached skill level 1 in Charms
   404 | D:3      | Reached skill level 1 in Summonings
   404 | D:3      | Reached skill level 1 in Necromancy
   404 | D:3      | Reached skill level 1 in Translocations
   404 | D:3      | Reached skill level 1 in Fire Magic
   404 | D:3      | Reached skill level 1 in Ice Magic
   404 | D:3      | Reached skill level 1 in Air Magic
   404 | D:3      | Reached skill level 1 in Poison Magic
   404 | D:3      | Reached XP level 4. HP: 24/32 MP: 3/11
   410 | D:3      | Learned a level 4 spell: Petrify
   435 | D:3      | Reached XP level 5. HP: 31/37 MP: 1/12
   488 | D:4      | Killed an ogre
   488 | D:4      | Reached skill level 2 in Invocations
   488 | D:4      | Reached XP level 6. HP: 7/44 MP: 0/13
   530 | D:3      | Reached skill level 5 in Dodging
   579 | D:3      | Learned a level 5 spell: Lee's Rapid Deconstruction
   599 | D:4      | Reached skill level 2 in Fighting
   599 | D:4      | Reached skill level 2 in Short Blades
   599 | D:4      | Reached skill level 2 in Long Blades
   599 | D:4      | Reached skill level 2 in Axes
   599 | D:4      | Reached skill level 2 in Maces & Flails
   599 | D:4      | Reached skill level 2 in Polearms
   599 | D:4      | Reached skill level 2 in Staves
   599 | D:4      | Reached skill level 2 in Slings
   599 | D:4      | Reached skill level 2 in Bows
   599 | D:4      | Reached skill level 2 in Crossbows
   599 | D:4      | Reached skill level 2 in Throwing
   599 | D:4      | Reached skill level 2 in Armour
   599 | D:4      | Reached skill level 2 in Shields
   599 | D:4      | Reached skill level 2 in Unarmed Combat
   599 | D:4      | Reached skill level 2 in Evocations
   672 | D:4      | Noticed torrenera's ghost (amateur HOFi)
   683 | D:4      | Slain by torrenera's ghost

Vault maps used:
D:1:      erik_arrival_gehennom, minmay_crystal_water, kennysheep_crisscross,
          hangedman_abyss_or_decor_lesser_grid
D:2:      minmay_door_path, uniq_crazy_yiuf_cottage
D:3:      kennysheep_doodads, minmay_misc_feat_encased,
          minmay_misc_feat_hallway, minmay_misc_feat_tiny,
          kennysheep_generic_room_15
D:4:      first_bread, minmay_rat_hole

Skill      XL: |  1  2  3  4  5  6 |
---------------+-------------------+-----
Transmutations | 2 |  2.6
Spellcasting   | 5 |  5.3
Invocations    | 1 2 |  2.1
Fighting       | 1 2 |  2.0
Short Blades   | 1 2 |  2.0
Long Blades    | 1 2 |  2.0
Axes           | 1 2 |  2.0
Maces & Flails | 1 2 |  2.0
Polearms       | 1 2 |  2.0
Staves         | 1 2 |  2.0
Slings         | 1 2 |  2.0
Bows           | 1 2 |  2.0
Crossbows      | 1 2 |  2.0
Throwing       | 1 2 |  2.0
Armour         | 1 2 |  2.0
Shields        | 1 2 |  2.0
Unarmed Combat | 1 2 |  2.0
Evocations     | 1 2 |  2.0
Conjurations   | 1 |  1.5
Hexes          | 1 |  1.5
Charms         | 1 |  1.5
Summonings     | 1 |  1.5
Necromancy     | 1 |  1.5
Translocations | 1 |  1.5
Fire Magic     | 1 |  1.5
Ice Magic      | 1 |  1.5
Air Magic      | 1 |  1.5
Poison Magic   | 1 |  1.5
Dodging        | 5 |  5.0
Stealth        | |  4.6
Earth Magic    | |  5.6

Action                   |  1- 3 |  4- 6 || total
-------------------------+-------+-------++-------
Melee: Dagger            |    15 |    36 ||    51
       Bite              |       |     2 ||     2
       Punch             |       |     1 ||     1
 Cast: Sandblast         |    27 |    30 ||    57
       Lee's Rapid Decon |       |     1 ||     1
Evoke: Wand              |       |     2 ||     2
  Use: Scroll            |     1 |       ||     1
 Stab: Sleeping          |     4 |       ||     4
Armor: Robe              |     2 |    11 ||    13
Dodge: Dodged            |    12 |    30 ||    42

Table legend:
 A = Spawn XP
 B = Non-spawn XP
 C = Spawn XP percentage of total XP
 D = Spawn monster count
 E = Non-spawn monster count
 F = Spawn count percentage of total count
 G = Total turns spent on level
                    A         B        C        D         E        F      G
               +---------+---------+-------+---------+---------+-------+---------
         Total |       0 |     474 |   0.0 |       0 |      48 |   0.0 |   683
               +---------+---------+-------+---------+---------+-------+---------
           D:1 |       0 |      15 |   0.0 |       0 |      10 |   0.0 |   150
           D:2 |       0 |      61 |   0.0 |       0 |       8 |   0.0 |   179
           D:3 |       0 |     142 |   0.0 |       0 |      13 |   0.0 |   193
           D:4 |       0 |     256 |   0.0 |       0 |      17 |   0.0 |   161
               +---------+---------+-------+---------+---------+-------+---------

Table legend:
 A = Turns spent in this place as a percentage of turns spent in the entire game.
 B = Non-inter-level travel turns spent in this place as a percentage of non-inter-level travel turns spent in the entire game.
 C = Inter-level travel turns spent in this place as a percentage of turns spent in this place.
 D = Turns resting spent in this place as a percentage of non-inter-level travel turns spent in this place.
 E = Turns spent auto-exploring this place as a percentage of non-inter-level travel turns spent in this place.
 F = Non-inter-level travel turns spent in this place divided by the number of levels of this place that you've seen.
                   A       B       C       D       E      F
               +-------+-------+-------+-------+-------+----------------------
         Total | 100.0 | 100.0 |   0.0 |   0.0 |   0.0 | 170.8
       Dungeon | 100.0 | 100.0 |   0.0 |   0.0 |   0.0 | 170.8
               +-------+-------+-------+-------+-------+----------------------

Table legend:
 A = Kills in this place as a percentage of kills in entire the game.
 B = Kills by you in this place as a percentage of kills by you in the entire game.
 C = Kills by friends in this place as a percentage of kills by friends in the entire game.
 D = Other kills in this place as a percentage of other kills in the entire game.
 E = Experience gained in this place as a percentage of experience gained in the entire game.
 F = Experience gained in this place divided by the number of levels of this place that you have seen.
                   A       B       C       D       E      F
               +-------+-------+-------+-------+-------+----------------------
         Total | 100.0 | 100.0 |   N/A |   N/A | 100.0 | 118.5
       Dungeon | 100.0 | 100.0 |   N/A |   N/A | 100.0 | 118.5
               +-------+-------+-------+-------+-------+----------------------

Vault maps used:
D:1:      erik_arrival_gehennom, minmay_crystal_water, kennysheep_crisscross,
          hangedman_abyss_or_decor_lesser_grid
D:2:      minmay_door_path, uniq_crazy_yiuf_cottage
D:3:      kennysheep_doodads, minmay_misc_feat_encased,
          minmay_misc_feat_hallway, minmay_misc_feat_tiny,
          kennysheep_generic_room_15
D:4:      first_bread, minmay_rat_hole
